[Event "ICC tourney 2297 (30 10)"]
[Site "Internet Chess Club"]
[Date "2021.01.10"]
[Round "1"]
[White "Openyagami"]
[Black "nreiner"]
[Result "1-0"]
[ICCResult "Black checkmated"]
[WhiteElo "2606"]
[BlackElo "2005"]
[Opening "English opening"]
[ECO "A20"]
[NIC "EO.24"]
[Time "11:02:40"]
[PlyCount "57"]
[TimeControl "1800+10"]

1. c4 e5 2. g3 Nc6 3. Bg2 f5 4. Nc3 Nf6 5. e3 Be7 6. Nge2 d6 7. O-O O-O 8.
d4 e4 9. Nf4 g5 10. Nfd5 Nxd5 11. Nxd5 Bf6 12. Nxf6+ Qxf6 13. Bd2 Qg6 14.
f3 Bd7 15. Qc2 exf3 16. Bxf3 Rae8 17. Rae1 g4 18. Bd5+ Kh8 19. Bc3 Nd8 20.
Bg2 c6 21. e4 fxe4 22. Rxf8+ Rxf8 23. Bxe4 Qf7 24. d5+ Kg8 25. Qd2 Bf5 26.
Qd4 Qg6 27. Bxf5 Rxf5 28. Qh8+ Kf7 29. Qe8# { Black checkmated } 1-0

[Event "ICC tourney 2297 (30 10)"]
[Site "Internet Chess Club"]
[Date "2021.01.10"]
[Round "1"]
[White "hackerguru"]
[Black "Aryangambit"]
[Result "0-1"]
[ICCResult "White resigns"]
[WhiteElo "1750"]
[BlackElo "2093"]
[Opening "English opening"]
[ECO "A16"]
[NIC "EO.64"]
[Time "11:02:37"]
[PlyCount "106"]
[TimeControl "1800+10"]

1. c4 Nf6 2. Nc3 g6 3. g3 Bg7 4. Bg2 O-O 5. e4 d6 6. Nge2 Nc6 7. d3 e5 8.
h3 Nd7 9. O-O Nc5 10. Be3 Ne6 11. Qd2 Ncd4 12. Kh2 c6 13. f4 f5 14. Rab1
exf4 15. Nxf4 Nxf4 16. Bxf4 Ne6 17. Be3 fxe4 18. Nxe4 Rxf1 19. Rxf1 Qe7 20.
d4 Bd7 21. d5 Nc5 22. Ng5 Rf8 23. Re1 Be5 24. Bd4 Qf6 25. Bxe5 dxe5 26. b4
Na6 27. Ne4 Qe7 28. c5 cxd5 29. Qxd5+ Qe6 30. Ng5 Qxd5 31. Bxd5+ Kg7 32.
Rd1 Ba4 33. Rd2 Rb8 34. Rf2 Be8 35. Ne6+ Kh6 36. a3 Bc6 37. Bxc6 bxc6 38.
Re2 Re8 39. Rxe5 Nc7 40. Re2 Rxe6 41. Rd2 Nd5 42. b5 Ne7 43. b6 axb6 44.
cxb6 c5 45. b7 Rb6 46. Rd7 Nc6 47. Rd6 Rb2+ 48. Kg1 Na5 49. a4 Rxb7 50. Ra6
Nb3 51. Rc6 Ra7 52. Rb6 c4 53. Rb4 Rc7 { White resigns } 0-1

[Event "ICC tourney 2297 (30 10)"]
[Site "Internet Chess Club"]
[Date "2021.01.10"]
[Round "1"]
[White "SanthoshA"]
[Black "saif-shawkat"]
[Result "0-1"]
[ICCResult "White checkmated"]
[WhiteElo "1562"]
[BlackElo "2059"]
[Opening "Four knights: Italian variation"]
[ECO "C55"]
[NIC "IG.01"]
[Time "11:02:40"]
[PlyCount "64"]
[TimeControl "1800+10"]

1. e4 e5 2. Nf3 Nc6 3. Bc4 Nf6 4. Nc3 Nxe4 5. Nxe4 d5 6. Bxd5 Qxd5 7. Nc3
Qd8 8. O-O Bd6 9. d3 O-O 10. Be3 Bg4 11. h3 Bh5 12. Qe2 f5 13. Qd1 f4 14.
Bd2 Nd4 15. Ne4 Nxf3+ 16. gxf3 Qh4 17. Kh2 Be8 18. Rg1 Bd7 19. Qf1 Rf5 20.
Rg4 Qh6 21. Qg2 Kh8 22. Rg5 Raf8 23. Rg1 Rxg5 24. Nxg5 Rf5 25. Qg4 Kg8 26.
Bc3 Kf8 27. d4 Ke8 28. Nxh7 Qxh7 29. Qxg7 Qxh3+ 30. Kxh3 Rh5+ 31. Kg2 Bh3+
32. Kh2 Bf1# { White checkmated } 0-1

[Event "ICC tourney 2297 (30 10)"]
[Site "Internet Chess Club"]
[Date "2021.01.10"]
[Round "1"]
[White "AJ2000"]
[Black "bozone"]
[Result "0-1"]
[ICCResult "White resigns"]
[WhiteElo "1646"]
[BlackElo "2069"]
[Opening "Sicilian: Prins (Moscow) variation"]
[ECO "B55"]
[NIC "SI.01"]
[Time "11:02:37"]
[PlyCount "66"]
[TimeControl "1800+10"]

1. e4 c5 2. Nf3 d6 3. d4 cxd4 4. Nxd4 Nf6 5. f3 a6 6. c4 e5 7. Nb3 Be6 8.
Nc3 Nbd7 9. Be3 Be7 10. Be2 O-O 11. O-O Rc8 12. Nd5 Bxd5 13. cxd5 Ne8 14.
Bd3 Bg5 15. Bf2 g6 16. Qe1 Ng7 17. h4 Bh6 18. g4 Bf4 19. Bg3 f5 20. Bxf4
exf4 21. g5 Ne5 22. Qd2 Qb6+ 23. Kg2 fxe4 24. Bxe4 Nc4 25. Qd4 Ne3+ 26. Kh3
Qxd4 27. Nxd4 Nxf1 28. Rxf1 Rc4 29. Rd1 Rfc8 30. Ne6 Nh5 31. Kg4 Rc1 32.
Rxc1 Rxc1 33. Nxf4 Rg1+ { White resigns } 0-1

[Event "ICC tourney 2297 (30 10)"]
[Site "Internet Chess Club"]
[Date "2021.01.10"]
[Round "1"]
[White "chessrex"]
[Black "parallax"]
[Result "0-1"]
[ICCResult "White resigns"]
[WhiteElo "1949"]
[BlackElo "2321"]
[Opening "French: Alapin variation"]
[ECO "C01"]
[NIC "QP.08"]
[Time "11:03:23"]
[PlyCount "100"]
[TimeControl "1800+10"]

1. d4 d5 2. e4 e6 3. Be3 Nf6 4. exd5 Nxd5 5. Nf3 Nxe3 6. fxe3 c5 7. c3 Nc6
8. Bd3 Be7 9. O-O O-O 10. Nbd2 b6 11. Be4 Bb7 12. Ne5 Qc7 13. Nxc6 Bxc6 14.
Bxc6 Qxc6 15. Qf3 Qc7 16. Rac1 Rad8 17. Rfd1 e5 18. d5 f5 19. e4 fxe4 20.
Qxe4 Rf4 21. Qe2 Rxd5 22. Ne4 Rxd1+ 23. Rxd1 c4 24. g3 Rf8 25. Qg4 Bc5+ 26.
Kg2 Qf7 27. Qe2 h6 28. Rf1 Qxf1+ 29. Qxf1 Rxf1 30. Kxf1 Kf7 31. Ke2 Ke6 32.
g4 Kd5 33. Kf3 b5 34. h3 Be7 35. b4 cxb3 36. axb3 a5 37. Ke3 a4 38. bxa4
bxa4 39. Kd3 g6 40. c4+ Kc6 41. Kc3 Kb6 42. Nf2 Ka5 43. Ne4 Bh4 44. Nd6
Be1+ 45. Kb2 Kb4 46. Ka2 Kc5 47. Nf7 e4 48. Nxh6 e3 49. g5 e2 50. Ng4 Bg3 {
White resigns } 0-1

[Event "ICC tourney 2297 (30 10)"]
[Site "Internet Chess Club"]
[Date "2021.01.10"]
[Round "1"]
[White "Goran21"]
[Black "Volkov"]
[Result "0-1"]
[ICCResult "White resigns"]
[WhiteElo "2008"]
[BlackElo "2607"]
[Opening "French: King's Indian attack"]
[ECO "C00"]
[NIC "FR.02"]
[Time "11:03:28"]
[PlyCount "78"]
[TimeControl "1800+10"]

1. e4 e6 2. d3 d5 3. Nd2 Nf6 4. Ngf3 b6 5. exd5 exd5 6. d4 Bd6 7. Bd3 Qe7+
8. Kf1 O-O 9. h3 Ne4 10. c4 Bb7 11. cxd5 f5 12. Qc2 Bxd5 13. Nc4 Nd7 14.
Ne3 Bb7 15. Bc4+ Kh8 16. Bd5 Bxd5 17. Nxd5 Qf7 18. Qc6 Rae8 19. Bf4 Ndf6
20. Bxd6 cxd6 21. Nxf6 Rc8 22. Qa4 Qxf6 23. Re1 Qf7 24. Kg1 Rc4 25. Qb3 Qc7
26. Re2 d5 27. Re1 a5 28. a3 a4 29. Qd3 Rc2 30. Re2 Rc1+ 31. Re1 Rc8 32. g3
Nxg3 33. fxg3 Qxg3+ 34. Kf1 R8c2 35. Qxc2 Qxf3+ 36. Qf2 Qxh1+ 37. Ke2 Qxe1+
38. Qxe1 Rxe1+ 39. Kxe1 g5 { White resigns } 0-1

[Event "ICC tourney 2297 (30 10)"]
[Site "Internet Chess Club"]
[Date "2021.01.10"]
[Round "1"]
[White "xyzchessdude"]
[Black "coolsportsguy"]
[Result "0-1"]
[ICCResult "White resigns"]
[WhiteElo "1960"]
[BlackElo "2330"]
[Opening "English: Neo-Catalan declined"]
[ECO "A14"]
[NIC "RE.09"]
[Time "11:02:35"]
[PlyCount "58"]
[TimeControl "1800+10"]

1. Nf3 d5 2. c4 e6 3. g3 Nf6 4. Bg2 Be7 5. O-O O-O 6. b3 c5 7. Bb2 Nc6 8.
e3 d4 9. exd4 cxd4 10. Re1 Re8 11. Ne5 Nxe5 12. Rxe5 Bd6 13. Bxd4 Bxe5 14.
Bxe5 Nd7 15. Bb2 e5 16. Nc3 Nf6 17. Nd5 Nxd5 18. Bxd5 Qc7 19. d4 e4 20. Qc2
e3 21. fxe3 Rxe3 22. Rf1 Re7 23. Ba3 Bh3 24. Bxe7 Bxf1 25. Bg5 Bh3 26. Be4
h6 27. Bf4 Qd7 28. Qf2 Re8 29. Be5 Rxe5 { White resigns } 0-1

[Event "ICC tourney 2297 (30 10)"]
[Site "Internet Chess Club"]
[Date "2021.01.10"]
[Round "1"]
[White "musk6868"]
[Black "yanje03"]
[Result "1-0"]
[ICCResult "Black resigns"]
[WhiteElo "2051"]
[BlackElo "1508"]
[Opening "Caro-Kann: advance variation"]
[ECO "B12"]
[NIC "CK.04"]
[Time "11:02:34"]
[PlyCount "62"]
[TimeControl "1800+10"]

1. e4 c6 2. d4 d5 3. e5 Bf5 4. Be3 e6 5. Nd2 Nd7 6. Ngf3 c5 7. c3 cxd4 8.
cxd4 Ne7 9. Nh4 Rc8 10. Rc1 Rxc1 11. Qxc1 Bg6 12. Be2 Nc6 13. Nxg6 hxg6 14.
O-O Be7 15. Nf3 O-O 16. Bd3 Nb6 17. g3 Nb4 18. Bb1 Qd7 19. a3 Rc8 20. Qd1
Nc6 21. h4 Nc4 22. Bc1 b5 23. Qd3 Bd8 24. b3 Nb6 25. h5 Ne7 26. Bd2 a6 27.
Kg2 Nf5 28. g4 Ne7 29. Rh1 Bc7 30. Bb4 Ra8 31. Nh4 Qe8 { Black resigns }
1-0

[Event "ICC tourney 2297 (30 10)"]
[Site "Internet Chess Club"]
[Date "2021.01.10"]
[Round "1"]
[White "marble"]
[Black "runtilmorrow1"]
[Result "1-0"]
[ICCResult "Black checkmated"]
[WhiteElo "2508"]
[BlackElo "1968"]
[Opening "Sicilian"]
[ECO "B50"]
[NIC "SI.01"]
[Time "11:02:32"]
[PlyCount "103"]
[TimeControl "1800+10"]

1. e4 c5 2. Nf3 d6 3. c3 Nf6 4. Bd3 Nc6 5. Bc2 d5 6. e5 Ng8 7. h3 d4 8. Be4
Bd7 9. O-O f5 10. exf6 Nxf6 11. Bxc6 Bxc6 12. cxd4 cxd4 13. d3 Qd5 14. Re1
e6 15. Nbd2 Bd6 16. Nb3 O-O 17. Nbxd4 Rae8 18. Nxc6 bxc6 19. Bg5 Nh5 20.
Be3 Bf4 21. b3 Rf7 22. Rc1 Bxe3 23. fxe3 Ref8 24. Rc2 Ng3 25. e4 Qh5 26.
Nh2 Qe5 27. d4 Qf4 28. Qg4 Qd6 29. e5 Qd5 30. Qxg3 Qxd4+ 31. Qe3 Qb4 32.
Rf1 Rxf1+ 33. Nxf1 a5 34. Ng3 a4 35. Rc4 Qb5 36. Rxa4 Rd8 37. Rd4 Rd5 38.
Rxd5 Qxd5 39. Kh2 c5 40. Qe4 Qd2 41. Qc6 h5 42. Qxe6+ Kf8 43. Qf5+ Kg8 44.
Qxh5 c4 45. bxc4 g6 46. Qxg6+ Kh8 47. Qf6+ Kh7 48. e6 Qxa2 49. e7 Qa7 50.
Qf7+ Kh6 51. e8=Q Qe7 52. Qg6# { Black checkmated } 1-0

[Event "ICC tourney 2297 (30 10)"]
[Site "Internet Chess Club"]
[Date "2021.01.10"]
[Round "1"]
[White "SuperPuzzler"]
[Black "TjkTiger"]
[Result "0-1"]
[ICCResult "White resigns"]
[WhiteElo "1993"]
[BlackElo "2597"]
[Opening "Sicilian: Hungarian variation"]
[ECO "B73"]
[NIC "SI.43"]
[Time "11:03:28"]
[PlyCount "104"]
[TimeControl "1800+10"]

1. e4 c5 2. Nf3 g6 3. d4 cxd4 4. Nxd4 Bg7 5. Nc3 Nc6 6. Be3 Nf6 7. Be2 O-O
8. O-O d6 9. Kh1 Bd7 10. Nb3 Be6 11. f4 a5 12. Nd2 d5 13. e5 d4 14. Bxd4
Nxd4 15. exf6 Bxf6 16. Bd3 Rc8 17. Qe1 b5 18. Rc1 Bg7 19. a3 Qd7 20. Nce4
Nf5 21. Rb1 Bd5 22. Nf3 Qa7 23. Qe2 Ba2 24. Rbe1 Bc4 25. c3 Bxd3 26. Qxd3
Qb8 27. Nfd2 b4 28. Qa6 bxa3 29. bxa3 Qc7 30. Rf3 Rfd8 31. Ref1 h5 32. Rd3
Rxd3 33. Qxd3 Rd8 34. Qf3 Qb6 35. Rb1 Qe3 36. h3 Bxc3 37. Qxe3 Nxe3 38. Nb3
Nd1 39. Nbd2 Nf2+ 40. Nxf2 Bxd2 41. Rd1 Rd4 42. g3 f5 43. Kg2 Kf7 44. Kf3
h4 45. Ke2 hxg3 46. Nd3 Bxf4 47. Nxf4 Rxf4 48. Rg1 Rf2+ 49. Ke3 f4+ 50. Ke4
g5 51. Rd1 g2 52. Rg1 f3 { White resigns } 0-1

[Event "ICC tourney 2297 (30 10)"]
[Site "Internet Chess Club"]
[Date "2021.01.10"]
[Round "1"]
[White "dogetk"]
[Black "mikolka1985"]
[Result "1-0"]
[ICCResult "Black resigns"]
[WhiteElo "1976"]
[BlackElo "2545"]
[Opening "QGD: 4.Nf3"]
[ECO "D37"]
[NIC "QI.01"]
[Time "11:02:35"]
[PlyCount "117"]
[TimeControl "1800+10"]

1. d4 Nf6 2. c4 e6 3. Nf3 d5 4. Nc3 dxc4 5. g3 Bb4 6. Bg2 O-O 7. O-O Nc6 8.
a3 Be7 9. e4 a6 10. a4 Na5 11. Ne5 c5 12. d5 exd5 13. exd5 Bd6 14. f4 Re8
15. Re1 Bf5 16. Bf1 Qc7 17. Nxc4 Bg4 18. Rxe8+ Rxe8 19. Qc2 Nxc4 20. Bxc4
g6 21. Bd2 Bf5 22. Qb3 Ng4 23. Nd1 Bd7 24. a5 Nh6 25. Ne3 Ng4 26. Nxg4 Bxg4
27. Kf2 Re4 28. Re1 Qe7 29. Qd3 Bf5 30. Rxe4 Bxe4 31. Qb3 h5 32. Bd3 h4 33.
Bxe4 Qxe4 34. Qxb7 h3 35. Qc8+ Bf8 36. Qxh3 Qd4+ 37. Ke2 Qxb2 38. g4 Qb5+
39. Kf2 Bg7 40. Qa3 c4 41. d6 Qd5 42. Be3 Bd4 43. Bxd4 Qxd4+ 44. Qe3 Qxd6
45. Qe8+ Kg7 46. Qe5+ Qxe5 47. fxe5 f5 48. exf6+ Kxf6 49. h4 Ke5 50. Ke3 c3
51. Kd3 Kf4 52. h5 gxh5 53. gxh5 Kg5 54. Kxc3 Kxh5 55. Kc4 Kg6 56. Kc5 Kf7
57. Kb6 Ke8 58. Kxa6 Kd8 59. Kb7 { Black resigns } 1-0

[Event "ICC tourney 2297 (30 10)"]
[Site "Internet Chess Club"]
[Date "2021.01.10"]
[Round "1"]
[White "espark"]
[Black "SuperWJ"]
[Result "1-0"]
[ICCResult "Black resigns"]
[WhiteElo "2322"]
[BlackElo "1959"]
[Opening "Sicilian: Najdorf"]
[ECO "B90"]
[NIC "SI.14"]
[Time "11:02:38"]
[PlyCount "109"]
[TimeControl "1800+10"]

1. e4 c5 2. Nf3 d6 3. d4 cxd4 4. Nxd4 Nf6 5. Nc3 a6 6. Nb3 e5 7. Bg5 Be7 8.
Bxf6 Bxf6 9. Qd3 Be6 10. O-O-O Be7 11. g3 Qc7 12. f4 f6 13. Nd5 Bxd5 14.
Qxd5 Nd7 15. Bh3 O-O-O 16. Qf7 Bf8 17. Rhf1 Kb8 18. Rf3 Nb6 19. Qxc7+ Kxc7
20. Rc3+ Kb8 21. Nc5 d5 22. exd5 Bxc5 23. Rxc5 exf4 24. gxf4 Rhe8 25. Be6
Nd7 26. Rc3 Nf8 27. f5 g6 28. Rcd3 gxf5 29. Bxf5 Ng6 30. Rh3 Re5 31. Bg4
Rexd5 32. Rxh7 Rxd1+ 33. Bxd1 Rh8 34. Rxh8+ Nxh8 35. Kd2 Nf7 36. Ke3 Kc7
37. Kf4 Nh6 38. h4 b6 39. b4 a5 40. c3 axb4 41. cxb4 Kd6 42. Bf3 Kc7 43. a4
Kb8 44. Ke4 Kc7 45. Kd5 Kd7 46. a5 bxa5 47. bxa5 Kc7 48. Ke6 f5 49. Kf6 f4
50. Kg6 Ng8 51. h5 Ne7+ 52. Kf6 Nc6 53. h6 Nd4 54. h7 Nxf3 55. h8=Q { Black
resigns } 1-0

[Event "ICC tourney 2297 (30 10)"]
[Site "Internet Chess Club"]
[Date "2021.01.10"]
[Round "1"]
[White "Moon-stone123"]
[Black "imranchamp"]
[Result "1/2-1/2"]
[ICCResult "Game drawn because neither player has mating material"]
[WhiteElo "2150"]
[BlackElo "1826"]
[Opening "Réti opening"]
[ECO "A04"]
[NIC "QP.10"]
[Time "11:02:40"]
[PlyCount "125"]
[TimeControl "1800+10"]

1. Nf3 c5 2. g3 Nc6 3. d4 cxd4 4. Nxd4 g6 5. c4 Bg7 6. Nc2 Nf6 7. Nc3 O-O
8. Bg2 d6 9. O-O Bd7 10. Ne3 Rc8 11. Qd2 Ne5 12. b3 Bc6 13. Bb2 Bxg2 14.
Kxg2 Ned7 15. Rfd1 Nc5 16. Ncd5 Nfe4 17. Qc2 Bxb2 18. Qxb2 f5 19. b4 Ne6
20. f4 Nc7 21. Qd4 b6 22. Rac1 e6 23. Nc3 Nxc3 24. Rxc3 Qe7 25. Ra3 Ne8 26.
h4 Rc7 27. Rad3 Qg7 28. Ra3 Rff7 29. b5 Rfd7 30. Ra4 Qxd4 31. Rxd4 e5 32.
Rd3 exf4 33. gxf4 Nf6 34. Kf3 Rc5 35. Rb4 Kf7 36. a4 d5 37. cxd5 Nxd5 38.
Rbd4 Ke6 39. Nc4 Nf6 40. Ne5 Rxd4 41. Rxd4 a6 42. bxa6 Ra5 43. Nc4 Rxa6 44.
Rd6+ Ke7 45. a5 Rxa5 46. Rxb6 Rc5 47. Ne5 Rc3+ 48. Nd3 Rc4 49. Ra6 Rc7 50.
Ne5 Rc3+ 51. e3 Nd5 52. Ra7+ Kd6 53. Rxh7 Rxe3+ 54. Kf2 Re4 55. Nxg6 Nxf4
56. Nxf4 Rxf4+ 57. Kg3 Rg4+ 58. Kf3 Ke6 59. h5 Kf6 60. h6 Kg6 61. Rg7+ Kxh6
62. Rxg4 fxg4+ 63. Kxg4 { Game drawn because neither player has mating
material } 1/2-1/2

[Event "ICC tourney 2297 (30 10)"]
[Site "Internet Chess Club"]
[Date "2021.01.10"]
[Round "1"]
[White "MagicStar"]
[Black "Clairehouses"]
[Result "1-0"]
[ICCResult "Black checkmated"]
[WhiteElo "2059"]
[BlackElo "1578"]
[Opening "Sicilian: Canal-Sokolsky attack, 3...Bd7"]
[ECO "B52"]
[NIC "SI.01"]
[Time "11:02:38"]
[PlyCount "153"]
[TimeControl "1800+10"]

1. e4 c5 2. Nf3 d6 3. Bb5+ Bd7 4. Bxd7+ Qxd7 5. O-O Nf6 6. e5 dxe5 7. Nxe5
Qc7 8. d4 cxd4 9. Bf4 Qd8 10. Qf3 Qd5 11. Qd3 e6 12. Nd2 Nh5 13. g3 Nxf4
14. gxf4 Be7 15. Ndf3 Nc6 16. Rfe1 Bf6 17. c4 Qc5 18. a3 Bxe5 19. fxe5 Qe7
20. Re4 a5 21. Kh1 O-O 22. Rg1 f6 23. Reg4 Rf7 24. exf6 Qxf6 25. Ng5 Qf5
26. Qg3 Rf6 27. Nxh7 Qf3+ 28. Qxf3 Rxf3 29. Ng5 Rxf2 30. Nxe6 Kf7 31. Ng5+
Kg8 32. Ne4 Rf7 33. Nd6 Rd7 34. Nf5 Kf8 35. Nxg7 d3 36. Nf5 Rad8 37. Ne3 d2
38. Nd5 Ne5 39. Rf4+ Rf7 40. Rh4 Rfd7 41. Rf1+ Kg7 42. b3 a4 43. Rg1+ Kf8
44. Re4 Nf7 45. bxa4 Nd6 46. Rf4+ Rf7 47. Rfg4 Rfd7 48. Rf4+ Rf7 49. Rh4
Rfd7 50. Rf1+ Nf7 51. Rd4 Rc8 52. Rxd2 Rxc4 53. Rdf2 Rd4 54. Nf6 Re7 55.
Rg2 Rc7 56. Nh7+ Ke7 57. Rg7 Ke8 58. Nf6+ Kf8 59. Rg8+ Ke7 60. Re8+ Kd6 61.
Rg8 Ke7 62. Rg7 Kf8 63. Rg2 Rxa4 64. Nh7+ Ke8 65. Rg8+ Ke7 66. Rg7 Ke8 67.
Nf6+ Kf8 68. Rg8+ Ke7 69. Nd5+ Kd6 70. Nxc7 Kxc7 71. Rxf7+ Kc6 72. Rg6+ Kd5
73. Rf5+ Kc4 74. Rg4+ Kb3 75. Rf3+ Ka2 76. Rg2+ Kb1 77. Rf1# { Black
checkmated } 1-0

[Event "ICC tourney 2297 (30 10)"]
[Site "Internet Chess Club"]
[Date "2021.01.10"]
[Round "1"]
[White "sanjayrame"]
[Black "Luke123"]
[Result "1-0"]
[ICCResult "Black checkmated"]
[WhiteElo "2309"]
[BlackElo "1908"]
[Opening "Sicilian: Labourdonnais-Löwenthal variation"]
[ECO "B32"]
[NIC "SI.32"]
[Time "11:02:36"]
[PlyCount "159"]
[TimeControl "1800+10"]

1. e4 c5 2. Nf3 Nc6 3. d4 cxd4 4. Nxd4 e5 5. Nf3 Nf6 6. Bc4 Be7 7. O-O O-O
8. Re1 a6 9. Nc3 b5 10. Bb3 Bb4 11. Qd3 Qc7 12. Bg5 Bxc3 13. Qxc3 b4 14.
Qd3 a5 15. Bxf6 gxf6 16. Nh4 d6 17. Qf3 Qe7 18. Bd5 Ra6 19. Re3 Kh8 20. c3
Rg8 21. Nf5 Bxf5 22. Qxf5 Nd8 23. Rh3 Rg7 24. Rd1 Ne6 25. Rhd3 Rb6 26. Bxe6
fxe6 27. Qf3 Rc6 28. cxb4 axb4 29. g3 Rg8 30. Qe3 Rgc8 31. Qd2 Rc2 32. Qxb4
Qa7 33. R3d2 Qxa2 34. Rxc2 Rxc2 35. Qxd6 Kg7 36. Qe7+ Kg6 37. Qe8+ Kh6 38.
Qf7 Rxf2 39. Kxf2 Qxb2+ 40. Kf1 Qb5+ 41. Ke1 Qb4+ 42. Kf2 Qb2+ 43. Ke1 Qc3+
44. Rd2 Qe3+ 45. Re2 Qg1+ 46. Kd2 Qd4+ 47. Kc1 Qc3+ 48. Kd1 Qd4+ 49. Rd2
Qg1+ 50. Kc2 Qc5+ 51. Kd1 Qg1+ 52. Ke2 Qg2+ 53. Ke3 Qg1+ 54. Kf3 Qh1+ 55.
Rg2 Qd1+ 56. Re2 Qf1+ 57. Rf2 Qd3+ 58. Kg2 Qxe4+ 59. Kh3 f5 60. Qf6+ Kh5
61. Qh4+ Qxh4+ 62. gxh4 h6 63. Kg3 f4+ 64. Kf3 Kxh4 65. Ke4 Kg4 66. Kxe5 f3
67. Ke4 h5 68. Rxf3 h4 69. h3+ Kg5 70. Ke5 Kg6 71. Rf6+ Kg5 72. Kxe6 Kh5
73. Rf1 Kg5 74. Ke5 Kh5 75. Rg1 Kh6 76. Kf5 Kh7 77. Rg4 Kh6 78. Kf6 Kh5 79.
Rg8 Kh6 80. Rh8# { Black checkmated } 1-0

[Event "ICC tourney 2297 (30 10)"]
[Site "Internet Chess Club"]
[Date "2021.01.10"]
[Round "1"]
[White "YKQ"]
[Black "chesssky"]
[Result "1-0"]
[ICCResult "Black resigns"]
[WhiteElo "2550"]
[BlackElo "1991"]
[Opening "Queen's pawn game"]
[ECO "D04"]
[NIC "QP.08"]
[Time "11:02:33"]
[PlyCount "111"]
[TimeControl "1800+10"]

1. d4 d5 2. Nf3 Nf6 3. e3 c6 4. Bd3 g6 5. b3 Bg7 6. Bb2 O-O 7. Nbd2 Nbd7 8.
O-O b6 9. Qe2 c5 10. Ne5 Nxe5 11. dxe5 Ng4 12. f4 f6 13. h3 Nh6 14. e4 d4
15. Bc4+ Kh8 16. e6 f5 17. e5 b5 18. Bxb5 Bxe6 19. Bc4 Qb6 20. a4 Nf7 21.
a5 Qc6 22. Bxe6 Qxe6 23. Qc4 Qxc4 24. Nxc4 Nd8 25. a6 Ne6 26. Ra5 Rac8 27.
Ba3 Rfd8 28. Nb2 Rd7 29. h4 Rc6 30. g3 Rd5 31. Nd3 Kg8 32. b4 Bf8 33. bxc5
Nc7 34. Rb1 e6 35. Rb7 Rxa6 36. Rxa6 Nxa6 37. c6 Bxa3 38. Rxa7 Rd8 39. Rxa6
Be7 40. Kf2 Kf8 41. Ke2 Ke8 42. Nc1 Bc5 43. Nb3 d3+ 44. cxd3 Bg1 45. d4 Rc8
46. Nc5 Ke7 47. Ra7+ Ke8 48. Ra6 Ke7 49. Kd3 Bf2 50. Kc4 Bxg3 51. Ra7+ Ke8
52. d5 Bf2 53. Rxh7 exd5+ 54. Kxd5 Rd8+ 55. Nd7 g5 56. Ke6 { Black resigns
} 1-0

[Event "ICC tourney 2297 (30 10)"]
[Site "Internet Chess Club"]
[Date "2021.01.10"]
[Round "1"]
[White "wangfang75"]
[Black "MrNormalName"]
[Result "1/2-1/2"]
[ICCResult "Game drawn by mutual agreement"]
[WhiteElo "1834"]
[BlackElo "2174"]
[Opening "Giuoco Piano"]
[ECO "C54"]
[NIC "IG.02"]
[Time "11:03:28"]
[PlyCount "201"]
[TimeControl "1800+10"]

1. e4 e5 2. Nf3 Nc6 3. Bc4 Bc5 4. c3 Nf6 5. d4 exd4 6. cxd4 Bb4+ 7. Bd2
Nxe4 8. Bxb4 Nxb4 9. Bxf7+ Kxf7 10. Qb3+ d5 11. Qxb4 Rf8 12. O-O Kg8 13.
Nc3 Rxf3 14. Nxe4 Rf4 15. Ng3 Qf8 16. Qc3 c6 17. Rae1 Bd7 18. Re3 b6 19. f3
c5 20. Rd1 Rc8 21. dxc5 Rxc5 22. Qe1 d4 23. Red3 Rc2 24. Ne2 Rf6 25. Rxd4
Re6 26. R4d2 Qc5+ 27. Qf2 Rxe2 28. Qxc5 bxc5 29. Rxe2 Rxe2 30. Rxd7 Rxb2
31. Rxa7 c4 32. Rc7 Rxa2 33. Rxc4 h6 34. h4 h5 35. Rc5 g6 36. Kh2 Kg7 37.
Kg3 Ra4 38. Rc6 Ra2 39. Kh3 Ra3 40. Rc4 Kf6 41. Rf4+ Kg7 42. Kh2 Ra2 43.
Kg3 Rb2 44. Rc4 Kf6 45. Rc3 Ra2 46. Kh3 Ra4 47. g4 hxg4+ 48. fxg4 Ra1 49.
Rc6+ Kg7 50. g5 Ra3+ 51. Kg4 Ra4+ 52. Kg3 Rb4 53. Rf6 Rb3+ 54. Kg4 Rb1 55.
Rf3 Rg1+ 56. Kh3 Rh1+ 57. Kg3 Rg1+ 58. Kh2 Rg4 59. Kh3 Rg1 60. Rg3 Ra1 61.
Kg2 Ra4 62. Rh3 Ra2+ 63. Kg3 Kf7 64. Kf4 Ra4+ 65. Ke5 Ra5+ 66. Kd6 Ra6+ 67.
Kd5 Ra5+ 68. Kc6 Ra6+ 69. Kb5 Ra1 70. Rf3+ Kg7 71. Rf4 Rc1 72. Rc4 Ra1 73.
Kc6 Ra6+ 74. Kd5 Ra5+ 75. Ke4 Rb5 76. Rd4 Ra5 77. Rd5 Ra4+ 78. Ke5 Rxh4 79.
Rd7+ Kg8 80. Kf6 Rf4+ 81. Kxg6 Rf8 82. Rg7+ Kh8 83. Rf7 Ra8 84. Kh6 Kg8 85.
Kg6 Ra6+ 86. Rf6 Ra8 87. Rd6 Rb8 88. Kf5 Rb5+ 89. Kf6 Rb8 90. Rd7 Rb6+ 91.
Kf5 Rb5+ 92. Kg4 Rb4+ 93. Kh5 Rb6 94. Rd8+ Kg7 95. Rd7+ Kg8 96. g6 Rb1 97.
Kg5 Rg1+ 98. Kf5 Rf1+ 99. Ke5 Re1+ 100. Kf6 Rf1+ 101. Ke6 { Game drawn by
mutual agreement } 1/2-1/2

[Event "ICC tourney 2297 (30 10)"]
[Site "Internet Chess Club"]
[Date "2021.01.10"]
[Round "2"]
[White "Aryangambit"]
[Black "Openyagami"]
[Result "0-1"]
[ICCResult "White resigns"]
[WhiteElo "2093"]
[BlackElo "2606"]
[Opening "Sicilian: Labourdonnais-Löwenthal (Kalashnikov) variation"]
[ECO "B32"]
[NIC "SI.32"]
[Time "13:02:19"]
[PlyCount "76"]
[TimeControl "1800+10"]

1. e4 c5 2. Nf3 Nc6 3. d4 cxd4 4. Nxd4 e5 5. Nb5 d6 6. N1c3 a6 7. Na3 b5 8.
Nd5 Nge7 9. c4 Nxd5 10. cxd5 Nd4 11. Be3 g6 12. Bxd4 exd4 13. Qxd4 Qa5+ 14.
Qd2 Qxd2+ 15. Kxd2 f5 16. exf5 Bh6+ 17. Kd1 O-O 18. Bd3 Bxf5 19. Bxf5 Rxf5
20. f3 Rxd5+ 21. Ke1 Re8+ 22. Kf2 Rd2+ 23. Kg3 Ree2 24. Rhg1 Be3 25. Nb1
Bxg1 26. Nxd2 Bf2+ 27. Kh3 Rxd2 28. Rb1 Bd4 29. a3 Bxb2 30. Re1 Kf7 31. Re3
d5 32. Rb3 d4 33. Kg3 Bc3 34. a4 b4 35. h4 Ke6 36. h5 gxh5 37. Kh3 Rb2 38.
Rxb2 Bxb2 { White resigns } 0-1

[Event "ICC tourney 2297 (30 10)"]
[Site "Internet Chess Club"]
[Date "2021.01.10"]
[Round "2"]
[White "mikolka1985"]
[Black "chessrex"]
[Result "1-0"]
[ICCResult "Black resigns"]
[WhiteElo "2545"]
[BlackElo "1949"]
[Opening "Queen's pawn: Charlick (Englund) gambit"]
[ECO "A40"]
[NIC "QO.17"]
[Time "13:01:38"]
[PlyCount "73"]
[TimeControl "1800+10"]

1. d4 e5 2. dxe5 Nc6 3. Nf3 Nge7 4. Bf4 Ng6 5. Bg3 Qe7 6. Nc3 Qb4 7. Rb1
Qa5 8. e3 Bb4 9. Bd3 O-O 10. O-O Bxc3 11. bxc3 Qxc3 12. Rb3 Qc5 13. Qa1 a6
14. a3 Re8 15. Bxg6 fxg6 16. Rc3 Qe7 17. Rd1 g5 18. h3 b6 19. e6 Qxe6 20.
Bxc7 h6 21. Rcd3 b5 22. Rd6 Qf7 23. Bb6 Rb8 24. Bc5 Re6 25. Qc3 Rxd6 26.
Bxd6 Ra8 27. Ne5 Nxe5 28. Bxe5 Bb7 29. Rd6 Rc8 30. Qd2 Bc6 31. Qd4 Re8 32.
f3 Qe7 33. f4 gxf4 34. exf4 Qh4 35. Kh2 Qe7 36. Rg6 Kf8 37. Bd6 { Black
resigns } 1-0

[Event "ICC tourney 2297 (30 10)"]
[Site "Internet Chess Club"]
[Date "2021.01.10"]
[Round "2"]
[White "nreiner"]
[Black "hackerguru"]
[Result "0-1"]
[ICCResult "White resigns"]
[WhiteElo "2005"]
[BlackElo "1750"]
[Opening "Sicilian: Labourdonnais-Löwenthal variation"]
[ECO "B32"]
[NIC "SI.32"]
[Time "13:01:31"]
[PlyCount "82"]
[TimeControl "1800+10"]

1. e4 c5 2. Nf3 Nc6 3. d4 cxd4 4. Nxd4 e5 5. Nf3 Nf6 6. Nc3 Bb4 7. Bg5
Bxc3+ 8. bxc3 Qa5 9. Bxf6 Qxc3+ 10. Nd2 gxf6 11. Bd3 Qc5 12. O-O Qe7 13.
Nb3 d6 14. f4 Rg8 15. f5 Kf8 16. Qh5 Kg7 17. Rf3 Kh8 18. Rh3 Rg7 19. Rf1
Bd7 20. Rff3 Rag8 21. Rfg3 Nb4 22. Nc1 d5 23. exd5 Qc5+ 24. Kf1 Nxd3 25.
Nxd3 Qxc2 26. Rh4 Bb5 27. Rhh3 e4 28. Ke1 Bxd3 29. d6 Qc1+ 30. Qd1 Qxd1+
31. Kxd1 Rxg3 32. hxg3 Rd8 33. Kd2 Rxd6 34. Ke3 Kg7 35. g4 Ra6 36. Rh1 Rxa2
37. g3 Rg2 38. Kf4 Rf2+ 39. Ke3 Rf3+ 40. Kd4 Rxg3 41. Rc1 Rxg4 { White
resigns } 0-1